 Dungeon Crawl Stone Soup version 0.27.1-1-g398f81649c (webtiles) character file.

Game seed: 15382975027202796757

88 greenlake the Shield-Bearer (level 4, 0/41 HPs)
             Began as a Gnoll Fighter on Sept 14, 2021.
             Slain by Blork the orc (2 damage)
             ... on level 4 of the Dungeon.
             The game lasted 00:03:31 (2326 turns).

greenlake the Shield-Bearer (Gnoll Fighter)         Turns: 2326, Time: 00:03:31

Health: 0/41       AC:  3    Str: 15    XL:     4   Next: 53%
Magic:  5/5        EV:  8    Int:  9    God:
Gold:   202        SH: 10    Dex: 11    Spells: 5/5 levels left

rFire    . . .     SeeInvis .   m - +2 dagger (freeze)
rCold    . . .     Faith    .   c - +0 kite shield
rNeg     . . .     Spirit   .   b - +0 scale mail
rPois    .         Reflect  .   (no helmet)
rElec    .         Harm     .   (no cloak)
rCorr    .         Rampage  .   (no gloves)
Will     .....                  (no boots)
Stlth    ..........             k - amulet of the acrobat
HPRegen  0.13/turn              (no ring)
MPRegen  0.09/turn              (no ring)

@: corroded
A: fangs 1, strong nose, distributed training
a: no special abilities


You were on level 4 of the Dungeon.
You visited 1 branch of the dungeon, and saw 4 of its levels.

You collected 202 gold pieces.

Inventory:

Hand Weapons
 a - a +0 long sword
 m - a +2 dagger of freezing (weapon)
Missiles
 o - 10 poisoned darts (quivered)
Armour
 b - a +0 scale mail (worn)
 c - a +0 kite shield (worn)
Jewellery
 k - an amulet of the acrobat (around neck)
Scrolls
 e - a scroll of immolation {unknown}
 f - a scroll of enchant armour {unknown}
 h - 4 scrolls of teleportation {unknown}
 i - a scroll of fog {unknown}
 l - a scroll of identify {unknown}
 p - a scroll of amnesia {unknown}
Potions
 d - a potion of might
 g - a potion of cancellation {unknown}
 j - a potion of haste {unknown}
 n - a potion of heal wounds {unknown}


   Skills:
 + Level 6.6 Fighting
 + Level 1.2 Short Blades
 + Level 4.6 Long Blades
 + Level 1.2 Axes
 + Level 1.2 Maces & Flails
 + Level 1.2 Polearms
 + Level 1.2 Staves
 + Level 1.2 Slings
 + Level 1.2 Bows
 + Level 1.2 Crossbows
 + Level 1.2 Throwing
 + Level 6.6 Armour
 + Level 1.2 Dodging
 + Level 1.2 Stealth
 + Level 6.6 Shields
 + Level 1.2 Unarmed Combat
 + Level 1.2 Spellcasting
 + Level 1.0 Conjurations
 + Level 1.0 Hexes
 + Level 1.0 Summonings
 + Level 1.0 Necromancy
 + Level 1.0 Translocations
 + Level 1.0 Transmutations
 + Level 1.0 Fire Magic
 + Level 1.0 Ice Magic
 + Level 1.0 Air Magic
 + Level 1.0 Earth Magic
 + Level 1.0 Poison Magic
 + Level 1.3 Invocations
 + Level 1.2 Evocations


You had 5 spell levels left.
You didn't know any spells.
Your spell library contained the following spells:

 Spells                   Type           Power      Damage    Failure   Level
 Sting                    Tmut/Pois      8%         1d3       94%         1
 Poisonous Vapours        Pois/Air       4%         N/A       98%         2
 Olgreb's Toxic Radiance  Pois           2%         N/A       100%        4


Dungeon Overview and Level Annotations

Branches:
Dungeon (4/15)
 Temple: D:4-7

Altars:

Annotations:
D:4 Blork the orc


Innate Abilities, Weirdness & Mutations

You have very sharp teeth.
Your uncanny sense of smell can sniff out nearby items.
Your experience applies equally to all skills.


Message History

A jelly, 2 gnolls and a skeleton come into view.
The gnoll shouts! x2; You hear a shout!
A gnoll comes into view. It is wielding a +0 club.
The gnoll moves out of view.
The jelly moves out of view.
Your shield and scale mail prevent you from hitting the jelly.
The jelly hits you.
You are splashed with acid!
The gnoll barely misses you. The jelly hits you but does no damage.
You hit the jelly. You freeze the jelly.
Your hands burn!
The jelly is lightly wounded.
The jelly completely misses you. The gnoll hits you but does no damage.
You hit the jelly. You freeze the jelly. The acid corrodes you!
Your hands burn!
The jelly is moderately wounded.
You block the gnoll's attack. The jelly hits you.
You are splashed with acid!
* * * LOW HITPOINT WARNING * * *
Blork the orc comes into view.
He is wielding a +0 mace.
Blork the orc shouts!
You block the centaur skeleton's attack.
The centaur skeleton completely misses you.
The jelly jiggles.
You hit the centaur skeleton but do no damage.
The centaur skeleton hits you.
* * * LOW HITPOINT WARNING * * *
The centaur skeleton kicks you but does no damage.
You block the jelly's attack.
The centaur skeleton hits you but does no damage.
The centaur skeleton kicks you but does no damage.
You hit the centaur skeleton.
The centaur skeleton is lightly damaged.
You block the jelly's attack. The gnoll closely misses you.
You hit Blork the orc but do no damage. The jelly hits you.
* * * LOW HITPOINT WARNING * * *
You are splashed with acid!
* * * LOW HITPOINT WARNING * * *
The gnoll barely misses you. You block Blork the orc's attack.
You hit Blork the orc. You freeze Blork the orc.
Blork the orc is lightly wounded.
You block the jelly's attack. The gnoll barely misses you.
Blork the orc hits you with a +0 mace.
You die...

######
#@Jgg#
#o##.#
#Z##.#
#.##.#
#.##g#
#.##.#
#.##g#####
#..#g...<#
#.#####


You could see Blork the orc, a jelly, 2 gnolls and a centaur skeleton.

Vanquished Creatures
  3 adders
  2 dart slugs (D:2)
  5 orcs (D:3)
  3 bats
  6 endoplasms
  2 giant cockroaches (D:2)
  5 goblins
  3 hobgoblins (D:2)
  2 quokkas (D:2)
  3 ball pythons
  2 frilled lizards (D:1)
  10 kobolds
  2 rats (D:1)
48 creatures vanquished.

Notes
Turn   | Place    | Note
-------+----------+-------------------------------------------
     0 | D:1      | greenlake the Gnoll Fighter began the quest for the Orb.
     0 | D:1      | Reached XP level 1. HP: 23/23 MP: 1/1
   211 | D:1      | Reached XP level 2. HP: 29/29 MP: 2/2
   537 | D:2      | Reached XP level 3. HP: 35/35 MP: 3/3
   882 | D:2      | Reached skill level 1 in Invocations
  1081 | D:2      | Reached skill level 1 in Short Blades
  1081 | D:2      | Reached skill level 1 in Axes
  1081 | D:2      | Reached skill level 1 in Maces & Flails
  1081 | D:2      | Reached skill level 1 in Polearms
  1081 | D:2      | Reached skill level 1 in Staves
  1081 | D:2      | Reached skill level 1 in Slings
  1081 | D:2      | Reached skill level 1 in Bows
  1081 | D:2      | Reached skill level 1 in Crossbows
  1081 | D:2      | Reached skill level 1 in Throwing
  1081 | D:2      | Reached skill level 1 in Dodging
  1081 | D:2      | Reached skill level 1 in Stealth
  1081 | D:2      | Reached skill level 1 in Unarmed Combat
  1081 | D:2      | Reached skill level 1 in Spellcasting
  1081 | D:2      | Reached skill level 1 in Evocations
  1316 | D:3      | Reached XP level 4. HP: 30/41 MP: 5/5
  1764 | D:3      | Reached skill level 1 in Conjurations
  1764 | D:3      | Reached skill level 1 in Hexes
  1764 | D:3      | Reached skill level 1 in Summonings
  1764 | D:3      | Reached skill level 1 in Necromancy
  1764 | D:3      | Reached skill level 1 in Translocations
  1764 | D:3      | Reached skill level 1 in Transmutations
  1764 | D:3      | Reached skill level 1 in Fire Magic
  1764 | D:3      | Reached skill level 1 in Ice Magic
  1764 | D:3      | Reached skill level 1 in Air Magic
  1764 | D:3      | Reached skill level 1 in Earth Magic
  1764 | D:3      | Reached skill level 1 in Poison Magic
  2043 | D:3      | Found a faded altar of an unknown god.
  2321 | D:4      | Noticed Blork the orc
  2325 | D:4      | HP: 2/41 [acid (7)]
  2326 | D:4      | Slain by Blork the orc

Illustrated notes

Levels and vault maps discovered:
D:1:      scummos_arrival_hexagon, layout_basic, minmay_misc_feat_x
D:2:      layout_loops_ring
D:3:      layout_loops_ring, hellmonk_ecumenical_altar_prayer_group
D:4:      layout_basic, lemuel_round_altar, uniq_menkaure, uniq_blork_the_orc

Skill      XL: |  1  2  3  4 |
---------------+-------------+-----
Invocations    | 1 |  1.3
Short Blades   | 1 |  1.2
Axes           | 1 |  1.2
Maces & Flails | 1 |  1.2
Polearms       | 1 |  1.2
Staves         | 1 |  1.2
Slings         | 1 |  1.2
Bows           | 1 |  1.2
Crossbows      | 1 |  1.2
Throwing       | 1 |  1.2
Dodging        | 1 |  1.2
Stealth        | 1 |  1.2
Unarmed Combat | 1 |  1.2
Spellcasting   | 1 |  1.2
Evocations     | 1 |  1.2
Conjurations   | 1 |  1.0
Hexes          | 1 |  1.0
Summonings     | 1 |  1.0
Necromancy     | 1 |  1.0
Translocations | 1 |  1.0
Transmutations | 1 |  1.0
Fire Magic     | 1 |  1.0
Ice Magic      | 1 |  1.0
Air Magic      | 1 |  1.0
Earth Magic    | 1 |  1.0
Poison Magic   | 1 |  1.0
Fighting       | |  6.6
Long Blades    | |  4.6
Armour         | |  6.6
Shields        | |  6.6

Action                   |  1- 3 |  4- 6 || total
-------------------------+-------+-------++-------
Melee: Long sword        |    88 |       ||    88
       Bite              |     8 |     6 ||    14
       Dagger            |    15 |    62 ||    77
Armor: Scale mail        |    40 |    24 ||    64
Dodge: Dodged            |    30 |    30 ||    60
Block: Kite shield       |    54 |    36 ||    90
       Rpst.: Long sword |     7 |       ||     7
